 Dungeon Crawl Stone Soup version 0.25.1-2-g60ff931df9 (webtiles) character file.

Game seed: 852408096874713468

74 axecop the Unweaver (level 4, -4/35 HPs)
             Began as a Demonspawn Abyssal Knight on Nov 20, 2020.
             Was a Follower of Lugonu.
             Killed from afar by an orc (22 damage)
             ... with an exploding inner flame
             ... hexed by the player character
             ... on level 2 of the Dungeon.
             The game lasted 00:01:51 (2053 turns).

axecop the Unweaver (Demonspawn Abyssal Knight)     Turns: 2053, Time: 00:01:52

Health: -4/35      AC:  4    Str: 13    XL:     4   Next: 10%
Magic:  6/6        EV: 11    Int: 13    God:    Lugonu [*.....]
Gold:   182        SH:  0    Dex: 13    Spells: 3/3 levels left

rFire    . . .     SeeInvis .   a - +1 hand axe
rCold    . . .     Gourm    .   (no shield)
rNeg     . . .     Faith    .   b - +0 leather armour
rPois    .         Spirit   .   n - +0 helmet
rElec    .         Reflect  .   (no cloak)
rCorr    .         Harm     .   (no gloves)
MR       .....                  (no boots)
Stlth    +.........             (no amulet)
HPRegen  0.11/turn              (no ring)
MPRegen  0.10/turn              (no ring)

@: no status effects
A: spiny 1
a: Depart the Abyss, Renounce Religion


You were on level 2 of the Dungeon.
You worshipped Lugonu.
Lugonu was aware of your devotion.
You were not hungry.

You visited 1 branch of the dungeon, and saw 3 of its levels.
You visited the Abyss 1 time.

You collected 182 gold pieces.

Inventory:

Hand Weapons
 a - a +1 hand axe (weapon)
 g - a +2 short sword of draining
 s - a +0 hunting sling
Missiles
 d - 32 poisoned darts (quivered)
 e - 13 bolts
 t - 30 stones
Armour
 b - a +0 leather armour (worn)
 n - a +0 helmet (worn)
Wands
 h - a wand of polymorph (8)
Scrolls
 j - a scroll of remove curse
 l - a scroll of blinking
 p - a scroll of amnesia {unknown}
 q - a scroll of enchant weapon {unknown}
Potions
 f - 4 potions of haste
 k - 3 potions of curing
 o - a potion of degeneration
 r - a potion of flight {unknown}
Comestibles
 c - 7 rations


   Skills:
 - Level 3.0 Fighting
 * Level 3.4 Axes
 - Level 1.7 Armour
 - Level 0.8 Dodging
 + Level 3.8 Invocations


You had 3 spell levels left.
You didn't know any spells.
Your spell library was empty.

Dungeon Overview and Level Annotations

Branches:
Dungeon (3/15)

Altars:
Dithmenos
Okawaru
Qazlal
Vehumet


Innate Abilities, Weirdness & Mutations

You are partially covered in sharp spines.


Message History

The goblin hits something but does no damage.
The orc wizard begins to cast a cantrip, but forgets the words!
All of the chunks of flesh in your inventory have rotted away.
The orc priest calls down the wrath of Beogh upon you.
Beogh smites you!
You can't go up here!
Unknown command.
There is a stone staircase leading up here.
The orc is struck by your spines.
Flame seeps out of the orc.
The orc closely misses you.
The orc priest calls down the wrath of Beogh upon you.
Beogh smites you!
You climb upwards.
There is a stone staircase leading down here.
Unknown command.
The orc is struck by your spines.
The orc explodes!
The fiery explosion engulfs you!!
Ouch! That really hurt!
You die...

##### ######## ....#
#......#
###.#####......# #
#............# #
######.......# #
##......# #
######.....#### #
#.#>.##...##§># #
##.#...#...#§@§# #
#..##.'#...#..### #
##.#.###.....###.#
###................#
##..#.......⌠......#
...###.............#
....######.....#####
....# ##..#...#..##
....###...#...#...#


There were no monsters in sight!

Vanquished Creatures
  3 adders (D:2)
  A worm (D:2)
  A dart slug (D:2)
  A leopard gecko (D:2)
  6 giant cockroaches
  4 hobgoblins
  5 kobolds
  9 bats
  2 frilled lizards (D:2)
  5 goblins
  3 rats
40 creatures vanquished.

Notes
Turn   | Place    | Note
-------+----------+-------------------------------------------
     0 | Abyss:1  | axecop the Demonspawn Abyssal Knight began the quest for
                  | the Orb.
     0 | Abyss:1  | Reached XP level 1. HP: 18/18 MP: 2/2
    85 | Abyss:2  | Found an opulent altar of Gozag.
   123 | Abyss:2  | Noticed a sixfirhy
   124 | D:1      | Escaped the Abyss
   573 | D:1      | Reached * piety under Lugonu
   573 | D:1      | Gained mutation: You are partially covered in sharp spines.
                  | [demonic ancestry]
   573 | D:1      | Reached XP level 2. HP: 24/24 MP: 4/4
  1267 | D:2      | Reached XP level 3. HP: 29/29 MP: 5/5
  1633 | D:2      | Reached XP level 4. HP: 27/35 MP: 6/6
  1800 | D:2      | Found a radiant altar of Vehumet.
  1800 | D:2      | Found an iron altar of Okawaru.
  1800 | D:2      | Found a shadowy altar of Dithmenos.
  1832 | D:2      | Found a stormy altar of Qazlal.
  2053 | D:2      | Killed from afar by an orc

Illustrated notes

Levels and vault maps discovered:
D:1:      eino_arrival_water_star, layout_basic
D:2:      layout_rooms, gammafunk_temple_overflow_claw, grunt_ministairs_6,
          nicolae_qazlal_general_emergency
D:3:      layout_loops_ring, old_standard_altar, nicolae_overflow_hidden_temple,
          serial_forest, infiniplex_forest_clump_diagonal,
          infiniplex_forest_3_way, infiniplex_forest_clump_medium,
          infiniplex_forest_zigzag_2, infiniplex_forest_clump_diagonal,
          first_ration, gup_sewer_entry_bubbles, uniq_terence, uniq_ijyb

Skill      XL: |  1  2  3 |
---------------+----------+-----
Axes           | 2 3 |  3.4
Invocations    | 3 |  3.8
Fighting       | |  3.0
Armour         | |  1.7
Dodging        | |  0.8

Action                   |  1- 3 |  4- 6 || total
-------------------------+-------+-------++-------
Melee: Hand axe          |    76 |     5 ||    81
Throw: Dart              |     4 |       ||     4
Invok: Depart the Abyss  |     1 |       ||     1
  Use: Potion            |     2 |       ||     2
       Scroll            |     5 |     1 ||     6
  Eat: Chunk             |     2 |     1 ||     3
Armor: Leather armour    |    30 |       ||    30
Dodge: Dodged            |    56 |     5 ||    61
